AoeStats
← Xanny

Black Forest

504168443Analyzed
4v4 RM · 28d ago on Sep 4, 2026· 34m 4s· 8 players
Game mode
Random Map
Map size
Large (8 player)
Population
200
Speed
Normal
Resources
Standard
Victory
Conquest
Starting age
Dark Age
Ending age
Imperial Age
RankedLock teamsTeams togetherTeam positionsShared explorationLock speedFull tech treeHidden civsTurbo modeCheats
Victory
Defeat
🇦🇺 Vikings · Australia
1311
+17
🇲🇽 Turks · Mexico
1260
+19
🇨🇱 Byzantines · Chile
1260
+19
🇲🇽 Cumans · Mexico
1258
+19
🇹🇼 Gurjaras · Taiwan
1352
-20
🇨🇳 Saracens · China
1347
-19
🇨🇳 Hindustanis · China
1308
-18
🇮🇩 Turks · Indonesia
1288
-17
Xanny
10:31 Feudal Age
11:46 Double-Bit Axe
14:19 Castle Age
12:23 Horse Collar
23:05 Loom
23:32 Bow Saw
23:28 Heavy Plow
24:51 Wheelbarrow
25:52 Hand Cart
27:45 Stone Mining
27:47 Gold Mining
31:14 Imperial Age
29:53 Gold Shaft Mining
mia
11:08 Feudal Age
12:12 Double-Bit Axe
16:29 Castle Age
14:59 Horse Collar
16:16 Scale Barding Armor
18:43 Bow Saw
26:12 Wheelbarrow
26:41 Loom
27:34 Hand Cart
27:13 Gold Mining
27:21 Stone Mining
31:22 Imperial Age
29:40 Heavy Plow
30:53 Chain Barding Armor
31:23 Ballistics
31:49 Forging
32:28 Conscription
33:42 Plate Barding Armor
鐵之貝克
0:47 Loom
11:25 Feudal Age
16:31 Castle Age
17:08 Fletching
27:20 Forging
31:50 Bloodlines
32:07 Scale Barding Armor
师太爱失态
11:23 Feudal Age
11:00 Loom
15:46 Castle Age
14:31 Double-Bit Axe
15:16 Horse Collar
15:18 Man-at-Arms
16:04 Long Swordsman
25:58 Bloodlines
CapitanRexMx
1:05 Loom
10:29 Feudal Age
11:04 Double-Bit Axe
15:00 Wheelbarrow
21:29 Horse Collar
25:02 Castle Age
23:48 Scale Mail Armor
24:05 Gold Mining
24:29 Forging
25:06 Capped Ram
25:09 Pikeman
25:50 Squires
27:37 Arson
28:30 Town Watch
30:41 Hand Cart
33:21 Heavy Plow
33:36 Bow Saw
34:03 Gold Shaft Mining
33:18 Stone Mining
arky8a
3:25 Loom
11:39 Feudal Age
16:01 Castle Age
13:47 Horse Collar
14:18 Double-Bit Axe
15:40 Bloodlines
20:24 Scale Barding Armor
21:44 Chain Barding Armor
22:02 Heavy Plow
22:26 Forging
22:53 Husbandry
25:59 Iron Casting
31:02 Redemption
32:08 Wheelbarrow
33:12 Gold Mining
33:13 Stone Mining
[GT] Burok
0:46 Loom
12:26 Feudal Age
16:55 Castle Age
15:34 Double-Bit Axe
15:42 Stone Mining
18:20 Bow Saw
22:13 Fletching
24:49 Horse Collar
27:12 Gold Mining
28:13 Bodkin Arrow
30:31 Forging
30:22 Scale Mail Armor
32:45 Iron Casting
32:37 Chain Mail Armor
32:32 Scale Barding Armor
34:33 Chain Barding Armor
SpawnShark
2:50 Loom
11:55 Feudal Age
12:44 Double-Bit Axe
14:15 Fletching
14:47 Man-at-Arms
17:43 Arson
19:53 Horse Collar
23:46 Castle Age
22:05 Gold Mining
24:02 Padded Archer Armor
23:59 Elite Skirmisher
25:12 Bow Saw
25:39 Heavy Plow
29:46 Bodkin Arrow
31:16 Leather Archer Armor
32:49 Ballistics
33:08 Crossbowman
Connection lost

Rejoining the realm…

Still unreachable

The connection could not be restored.

Session expired

The server has moved on; the page needs a fresh start.